 Dungeon Crawl Stone Soup version 0.16.1-30-g34a7ffa (webtiles) character file.

14570 joy the Jinx (level 11, 47/47 HPs)
             Began as a Spriggan Enchanter on June 15, 2015.
             Was an Elder of Dithmenos.
             Quit the game on level 11 of the Dungeon.
             The game lasted 00:43:34 (12076 turns).

joy the Jinx (Spriggan Enchanter)                  Turns: 12076, Time: 00:43:34

Health: 47/47      AC:  5    Str:  4    XL:     11   Next: 90%
Magic:  30/30      EV: 28    Int: 18    God:    Dithmenos [****..]
Gold:   709        SH:  9    Dex: 24    Spells: 4 memorised, 19 levels left

rFire  + . .     SeeInvis +     a - +0 dagger (venom)
rCold  . . .     Clarity  .     U - +1 robe {rF+}
rNeg   . . .     SustAb   .     y - +0 buckler
rPois  .         Gourm    .     (helmet restricted)
rElec  .         Spirit   .     R - +1 cloak {+Inv}
rCorr  +         Warding  .     (gloves unavailable)
rMut   .         Stasis   .     (boots unavailable)
MR     +....                    N - amulet of resist corrosion
Stlth  +++++++++.               l - +5 ring of dexterity
                                p - ring of wizardry

@: wreathed by umbra, very quick, somewhat resistant to hostile enchantments,
incredibly stealthy
A: unfitting armour, see invisible, herbivore 3, speed 3, slow metabolism 2
a: Shadow Step, Renounce Religion, Evoke Invisibility


You were on level 11 of the Dungeon.
You worshipped Dithmenos.
Dithmenos was greatly pleased with you.
You were hungry.

You visited 2 branches of the dungeon, and saw 13 of its levels.

You collected 709 gold pieces.

Inventory:

Hand weapons
 a - a +0 dagger of venom (weapon)
 b - a +3 short sword of protection
 c - a +0 blowgun
 A - a +1 dagger of draining
 W - a +0 rapier
Missiles
 s - 72 poisoned needles
Armour
 y - a +0 buckler (worn)
 R - a +1 cloak of invisibility (worn)
 U - a +1 robe of fire resistance (worn)
Jewellery
 e - an uncursed ring of sustain abilities
 l - a +5 ring of dexterity (right hand)
 p - a ring of wizardry (left hand)
 u - an uncursed ring of fire
 z - an uncursed ring of positive energy
 H - an uncursed ring of flight
 N - an amulet of resist corrosion (around neck)
Magical devices
 k - a wand of teleportation (4)
 m - a wand of digging (9)
 B - a wand of polymorph (9)
 E - a wand of paralysis (10)
 M - a wand of disintegration (9)
 Q - a wand of magic darts (16)
 S - a wand of enslavement (7)
Scrolls
 g - 9 scrolls of identify
 i - a scroll of amnesia
 j - 2 scrolls of enchant armour
 n - 4 scrolls of enchant weapon
 F - a scroll of blinking
 I - 5 scrolls of remove curse
 J - a scroll of recharging
 X - 2 scrolls of teleportation
Potions
 f - 7 potions of curing
 h - 2 potions of agility {unknown}
 o - 5 potions of heal wounds {unknown}
 q - 2 potions of magic {unknown}
 r - a potion of cancellation {unknown}
 t - a potion of haste
 v - a potion of mutation {unknown}
 x - a potion of brilliance {unknown}
 D - 5 potions of poison {unknown}
 G - a potion of degeneration {unknown}
 K - a potion of might {unknown}
 O - a potion of cure mutation {unknown}
 T - a potion of resistance
Books
 w - a book of Maledictions

   Spells                             Type                      Level
   a - Corona                         Hexes                        1
   b - Sure Blade                     Hexes/Charms                 2
   c - Ensorcelled Hibernation        Hexes/Ice                    2
   d - Confuse                        Hexes                        3
   e - Dazzling Spray                 Conjuration/Hexes            3
   f - Enslavement                    Hexes                        4
 C - a book of Party Tricks

   Spells                             Type                      Level
   a - Summon Butterflies             Summoning                    1
   b - Apportation                    Translocation                1
   c - Tukima's Dance                 Hexes                        3
   d - Alistair's Intoxication        Transmutation/Poison         4
   e - Invisibility                   Hexes                        6
Comestibles
 d - 7 bread rations
 L - 2 royal jellies
 P - 2 fruits
 V - a slice of pizza


   Skills:
 + Level 6.2 Short Blades
 - Level 8.7 Dodging
 - Level 10.6 Stealth
 - Level 7.7 Shields
 - Level 8.0 Spellcasting
 - Level 11.0 Hexes
 - Level 4.1 Ice Magic
 - Level 8.1 Evocations


You had 19 spell levels left.
You knew the following spells:

 Your Spells              Type           Power        Failure   Level  Hunger
a - Corona                Hex            #####..      1%          1    None
b - Ensorcelled Hibernat  Hex/Ice        ####..       1%          2    None
c - Confuse               Hex            #####...     1%          3    #......
d - Summon Butterflies    Summ           #.......     4%          1    None


Dungeon Overview and Level Annotations

Branches:
Dungeon (12/15)            Temple (1/1) D:5            Lair (0/8) D:10
    Orc (0/4) D:9

Altars:
Ashenzari
Cheibriados
Dithmenos
Elyvilon
Fedhas
Gozag
Kikubaaqudgha
Makhleb
Nemelex Xobeh
Okawaru
Qazlal
Ru
Sif Muna
Trog
Yredelemnul
Zin

Annotations:
D:6 Grinder
D:12 exclusion: door


Innate Abilities, Weirdness & Mutations

You are tiny and cannot use many weapons and most armour.
You have supernaturally acute eyesight.
You are a herbivore.
You cover ground extremely quickly.
You need consume almost no food.


Message History

You hit the orc but do no damage.
The orc is moderately wounded.
You hit the orc.
The orc is severely wounded.
You block the orc's attack.
You barely miss the orc.
The orc is almost dead.
You block the orc's attack.
You hit the orc.
You kill the orc!
Dithmenos accepts your kill.
No target in view!
No target in view!
Things that are here:
a flail; a leather armour
Things that are here:
a club; a leather armour
Things that are here:
a whip; a quarterstaff Are you sure you want to abandon this character and quit the game? (Confirm with "yes".)

.......# #...#............# #.#
.......# #...#............# #.#
.......# #...#............# #.#
.......# #####............# #.#
.......#########............#
#..
####.#......).#.............#
### #.########.##............#
#.# #......##............# #.#
#......##@...........#
##.###......##))..........#
#....#......##............#
#....#......#........######
#..../......#..#.###.#
#....#.....##..#.###.##########
#....#.)...##..#...............
#....#.)...##..#####.##########
#....#.....##..# #.#....###....


There were no monsters in sight!

Vanquished Creatures
  A death yak (D:10)
  Erolcha (D:10)
  2 hill giants
  4 ugly things
  A manticore (D:12)
  Maurice (D:9)
  Joseph (D:8)
  4 trolls
  A fire vortex (D:12)
  A two-headed ogre (D:11)
  4 fire bats (D:12)
  12 yaks
  Eustachio (D:8)
  2 hippogriffs
  A deep elf mage (D:10)
  3 hungry ghosts
  A hell hound (D:12)
  A water moccasin (D:8)
  3 phantoms
  5 orc warriors
  2 black bears
  6 ice beasts
  An eye of draining (D:10)
  2 sky beasts
  A necrophage (D:10)
  2 ogres
  Sigmund (D:2)
  3 centaurs
  A big kobold (D:10)
  A wyvern zombie (D:6)
  8 giant frogs
  6 scorpions
  6 killer bees (D:8)
  8 wights
  2 lava snakes (D:12)
  5 jellies
  3 crimson imps (D:7)
  3 hounds
  A giant frog skeleton (D:5)
  4 orc priests
  An iguana (D:12)
  7 orc wizards
  10 worker ants
  A killer bee zombie (D:9)
  Jessica (D:2)
  Robin (D:4)
  8 adders
  2 worker ant zombies
  3 gnolls (D:2)
  2 shadow imps
  4 worms
  An adder zombie (D:5)
  2 adder skeletons
  An ooze (D:1)
  34 orcs
  10 bats
  A bat skeleton (D:4)
  15 goblins
  17 hobgoblins
  7 jackals
  15 kobolds
  7 quokkas
  4 ball pythons
  12 giant cockroaches
  7 giant geckos
  A giant gecko skeleton (D:6)
  3 giant newts
  2 giant spores (D:12)
  A quokka zombie (D:5)
  14 rats
  11 ballistomycetes (D:12)
321 creatures vanquished.

Vanquished Creatures (others)
  A fire vortex (D:12)
  An adder (D:12)
2 creatures vanquished.

Grand Total: 323 creatures vanquished

Notes
Turn   | Place    | Note
--------------------------------------------------------------
     0 | D:1      | joy, the Spriggan Enchanter, began the quest for the Orb.
     0 | D:1      | Reached XP level 1. HP: 9/9 MP: 4/4
   176 | D:1      | Reached XP level 2. HP: 5/13 MP: 7/7
   531 | D:1      | Reached skill level 5 in Stealth
  1125 | D:1      | Reached XP level 3. HP: 4/16 MP: 9/9
  1536 | D:2      | Noticed Jessica
  1554 | D:2      | Killed Jessica
  1554 | D:2      | Reached skill level 6 in Stealth
  1690 | D:2      | Learned a level 2 spell: Ensorcelled Hibernation
  1722 | D:2      | Reached XP level 4. HP: 19/21 MP: 6/12
  1745 | D:2      | Noticed Sigmund
  1756 | D:2      | Killed Sigmund
  1756 | D:2      | Reached XP level 5. HP: 24/24 MP: 10/14
  1863 | D:2      | Reached skill level 7 in Stealth
  2438 | D:3      | Found a white marble altar of Elyvilon.
  2685 | D:3      | Found an iron altar of Okawaru.
  3046 | D:4      | Reached skill level 8 in Stealth
  3046 | D:4      | Reached XP level 6. HP: 7/28 MP: 17/17
  3293 | D:4      | Learned a level 3 spell: Confuse
  3380 | D:4      | Reached skill level 5 in Short Blades
  3554 | D:4      | Noticed a hungry ghost
  3557 | D:4      | Noticed Robin
  3634 | D:4      | Killed a hungry ghost
  3634 | D:4      | Reached skill level 9 in Stealth
  3795 | D:4      | Reached XP level 7. HP: 25/32 MP: 19/19
  3972 | D:4      | Killed Robin
  4527 | D:5      | Entered Level 5 of the Dungeon
  4622 | D:5      | Reached skill level 10 in Stealth
  4884 | D:5      | Found a staircase to the Ecumenical Temple.
  4894 | Temple   | Entered the Ecumenical Temple
  5001 | Temple   | Became a worshipper of Dithmenos the Shadowed
  5618 | D:6      | Reached skill level 5 in Spellcasting
  5618 | D:6      | Reached XP level 8. HP: 27/36 MP: 10/24
  5712 | D:6      | Noticed Grinder
  5712 | D:6      | Paralysed by Grinder for 5 turns
  5934 | D:6      | Reached skill level 5 in Hexes
  6006 | D:6      | Found a shattered altar of Ashenzari.
  6388 | D:7      | Reached skill level 1 in Ice Magic
  6676 | D:7      | Reached XP level 9. HP: 39/39 MP: 27/27
  7168 | D:8      | Noticed Eustachio
  7175 | D:8      | Killed Eustachio
  7362 | D:8      | Acquired Dithmenos' first power
  7710 | D:8      | Found an ancient bone altar of Kikubaaqudgha.
  7889 | D:8      | Noticed Joseph
  7908 | D:8      | Killed Joseph
  7908 | D:8      | Reached skill level 10 in Hexes
  8024 | D:8      | Found a blossoming altar of Fedhas.
  8024 | D:8      | Found a sparkling altar of Nemelex Xobeh.
  8127 | D:8      | Found a staircase to the Lair.
  8240 | D:9      | Reached XP level 10. HP: 44/44 MP: 26/29
  8332 | D:9      | Reached skill level 11 in Hexes
  8407 | D:9      | Found a staircase to the Orcish Mines.
  8521 | D:9      | Reached skill level 5 in Dodging
  8593 | D:9      | Noticed Maurice
  8606 | D:9      | Killed Maurice
  8860 | D:9      | Reached skill level 1 in Evocations
  8905 | D:10     | Entered Level 10 of the Dungeon
  8940 | D:10     | Acquired Dithmenos' second power
  9101 | D:10     | Noticed a hill giant
  9117 | D:10     | Killed a hill giant
  9182 | D:10     | Noticed a purple ugly thing
  9330 | D:10     | Noticed Erolcha
  9350 | D:10     | Killed Erolcha
  9412 | D:10     | Found a staircase to the Lair.
  9452 | D:10     | HP: 2/44 [purple ugly thing (19)]
  9463 | D:10     | Killed a brown ugly thing
  9463 | D:10     | Reached skill level 1 in Shields
  9655 | D:10     | Noticed a death yak
  9661 | D:10     | Reached XP level 11. HP: 30/47 MP: 25/30
  9680 | D:10     | Killed a death yak
 10773 | D:11     | Learned a level 1 spell: Summon Butterflies
 10834 | D:12     | Acquired Dithmenos' third power
 10837 | D:12     | Found a staircase to the Orcish Mines.
 10892 | D:12     | Reached skill level 5 in Shields
 11124 | D:12     | Noticed a hill giant
 11220 | D:12     | Killed a hill giant
 12076 | D:11     | Quit the game

Action                   |  1- 3 |  4- 6 |  7- 9 | 10-12 || total
-------------------------+-------+-------+-------+-------++-------
Melee: Dagger            |    41 |    60 |    51 |   130 ||   282
       Short sword       |    80 |   127 |   302 |   293 ||   802
 Fire: Blowgun           |       |    15 |       |       ||    15
 Cast: Ensorcelled Hiber |     1 |     5 |    48 |    76 ||   130
       Confuse           |       |     5 |    27 |    13 ||    45
 Abil: Evoke Invisibilit |       |       |       |     4 ||     4
       Turn Visible      |       |       |       |     1 ||     1
Evoke: Wand              |       |       |       |     2 ||     2
  Use: Scroll            |     1 |       |       |    11 ||    12
       Potion            |     1 |       |     1 |       ||     2
 Stab: Sleeping          |     3 |    21 |    55 |    72 ||   151
       Confused          |       |     1 |    11 |     8 ||    20
       Distracted        |       |       |     1 |     5 ||     6
       Invisible         |       |       |       |    10 ||    10
  Eat: Fruit             |       |     2 |     1 |     5 ||     8
       Bread ration      |       |       |     1 |       ||     1
